 Dungeon Crawl Stone Soup version 0.27-a0-1456-gf5a116941d (webtiles) character file.

Game seed: 12137172154400639002

7 Brandom the Skirmisher (level 1, 0/19 HPs)
             Began as a Draconian Abyssal Knight on July 6, 2021.
             Was a Follower of Lugonu.
             Slain by a quokka (2 damage)
             ... on level 1 of the Dungeon.
             The game lasted 00:00:51 (131 turns).

Brandom the Skirmisher (Draconian Abyssal Knight)    Turns: 131, Time: 00:00:51

Health: 0/19       AC:  4    Str: 14    XL:     1   Next: 91%
Magic:  2/2        EV:  9    Int: 12    God:    Lugonu [*.....]
Gold:   26         SH:  0    Dex: 10    Spells: 0/0 levels left

rFire    . . .     SeeInvis .   a - +1 hand axe
rCold    . . .     Faith    .   (no shield)
rNeg     . . .     Spirit   .   (armour unavailable)
rPois    .         Reflect  .   (helmet restricted)
rElec    .         Harm     .   (no cloak)
rCorr    .         Rampage  .   (no gloves)
Will     .....                  (no boots)
Stlth    +.........             (no amulet)
HPRegen  0.06/turn              (no ring)
MPRegen  0.08/turn              (no ring)

@: constricted
A: AC +4, unfitting armour, cold-blooded
a: Renounce Religion, Depart the Abyss


You were on level 1 of the Dungeon.
You worshipped Lugonu.
Lugonu was aware of your devotion.
You visited 1 branch of the dungeon, and saw 1 of its levels.
You visited the Abyss 1 time.

You collected 26 gold pieces.

Inventory:

Hand Weapons
 a - a +1 hand axe (weapon)


   Skills:
 * Level 3.5 Fighting
 + Level 2.1 Axes
 + Level 2.2 Dodging
 + Level 2.1 Invocations


You couldn't memorise any spells.
You didn't know any spells.
Your spell library was empty.

Dungeon Overview and Level Annotations

Branches:
Dungeon (1/15)

Altars:


Innate Abilities, Weirdness & Mutations

Your plain brown scales are hard. (AC +4)
You cannot fit into any form of body armour.
You are cold-blooded and may be slowed by cold attacks.


Message History

Found a stone staircase leading down.
A hobgoblin comes into view.
The hobgoblin shouts!
Found a robe.
The hobgoblin barely misses you.
A quokka comes into view.
A ball python comes into view.
You barely miss the hobgoblin.
The ball python hisses angrily.
The hobgoblin barely misses you.
The hobgoblin hits you but does no damage.
You hit the hobgoblin.
Your tail-slap misses the hobgoblin.
The hobgoblin barely misses you.
You barely miss the hobgoblin.
The hobgoblin hits you but does no damage.
The quokka barely misses you.
You closely miss the hobgoblin.
Your tail-slap misses the hobgoblin.
You closely miss the quokka. The hobgoblin closely misses you.
The quokka bites you.
You hit the hobgoblin. You tail-slap the hobgoblin.
You kill the hobgoblin!
Lugonu accepts your kill.
You closely miss the quokka. The quokka closely misses you.
The ball python bites you. The ball python grabs you.
The ball python constricts you.
You closely miss the ball python. You hit the quokka.
The quokka closely misses you. The ball python bites you.
The ball python constricts you. The quokka barely misses you.
You hit the ball python. You closely miss the quokka.
The ball python closely misses you. The ball python constricts you.
The quokka bites you.
* * * LOW HITPOINT WARNING * * *
The ball python closely misses you.
* * * LOW HITPOINT WARNING * * *
The ball python constricts you.
You barely miss the ball python. You barely miss the quokka.
The quokka misses you. The ball python bites you.
* * * LOW HITPOINT WARNING * * *
The ball python constricts you.
The quokka bites you but does no damage.
You completely miss the ball python. You closely miss the quokka.
The ball python barely misses you.
* * * LOW HITPOINT WARNING * * *
The ball python constricts you. The quokka bites you.
* * * LOW HITPOINT WARNING * * *
The ball python bites you but does no damage.
* * * LOW HITPOINT WARNING * * *
The ball python constricts you.
You barely miss the ball python. You closely miss the quokka.
The quokka bites you.
You die...

... .#.# .... #.#.###
..... ....... .....[
.......
....#.........###.......
.................)......
...............rS...>...
#.#.............@.......
........................
.................#......
.................#......
............†....#......
.##.####†###............
####.#####..........
##..#.#..##..........
#.#.#.#.#.#.........


You could see a quokka and a ball python.

Vanquished Creatures
  An endoplasm (D:1)
  A hobgoblin (D:1)
  3 jackals (D:1)
  A rat (D:1)
6 creatures vanquished.

Notes
Turn   | Place    | Note
-------+----------+-------------------------------------------
     0 | Abyss:1  | Brandom the Draconian Abyssal Knight began the quest for
                  | the Orb.
     0 | Abyss:1  | Reached XP level 1. HP: 19/19 MP: 2/2
    44 | D:1      | Escaped the Abyss
   131 | D:1      | Slain by a quokka

Illustrated notes

Levels and vault maps discovered:
D:1:      nzn_arrival_crosshair, layout_basic, chequers_ecumenical_altar_island

Action                   || total
-------------------------++-------
Melee: Hand axe          ||    24
       Tailslap          ||     1
Armor: Skin              ||    12
Dodge: Dodged            ||    19

Table legend: (Time is in decaauts)
 A = Elapsed time spent in this place.
 B = Non-inter-level travel time spent in this place.
 C = Inter-level travel time spent in this place.
 D = Time resting spent in this place.
 E = Time spent auto-exploring this place.
 F = Levels seen in this place.
 G = Mean time per level.
                   A        B        C        D        E       F      G
               +--------+--------+--------+--------+--------+-----+--------+
         Total |    135 |    135 |      0 |      2 |     45 |   2 |   67.5 |
       Dungeon |     91 |     91 |      0 |      2 |     45 |   1 |   91.0 |
         Abyss |     44 |     44 |      0 |      0 |      0 |   1 |   44.0 |
               +--------+--------+--------+--------+--------+-----+--------+

Top non-repeatable levels by time:
     D:1: 91 daAuts
 Abyss:1: 44 daAuts
